 Dungeon Crawl Stone Soup version 0.21-a0-95-g06f091e (webtiles) character file.

706 Monsterracer the Insei (level 7, -6/51 HPs)
             Began as an Octopode Transmuter on July 4, 2017.
             Mangled by Sigmund
             ... wielding a +0 scythe
              (12 damage)
             ... on level 5 of the Dungeon.
             The game lasted 00:13:09 (6120 turns).

Monsterracer the Insei (Octopode Transmuter)        Turns: 6120, Time: 00:13:10

Health: -6/51      AC:  5    Str:  9    XL:     7   Next: 67%
Magic:  2/10       EV: 10    Int: 18    God:
Gold:   305        SH:  0    Dex: 12    Spells: 1/11 levels left

rFire    x . .     SeeInvis .     - Unarmed
rCold    + + +     Gourm    .   (shield currently unavailable)
rNeg     . . .     Faith    .   (helmet currently unavailable)
rPois    +         Spirit   .   (no amulet)
rElec    .         Reflect  .   e - ring of loudness (curse)
rCorr    .         Harm     .   (no ring)
MR       .....                  (no ring)
Stlth    ..........             (no ring)
HPRegen  0.17/turn              (no ring)
MPRegen  0.12/turn              (no ring)
                                (no ring)
                                (no ring)

@: lethally poisoned (-6 -> -8), ice-form, very slightly contaminated
A: almost no armour, stealthy swim, amphibious, 8 rings, (constrict 8)
a: End Transformation


You were on level 5 of the Dungeon.
You were hungry.
You were a creature of crystalline ice.
You visited 1 branch of the dungeon, and saw 5 of its levels.

You collected 305 gold pieces.

Inventory:

Missiles
 a - 62 arrows
Jewellery
 e - a cursed ring of loudness (left front paw)
Wands
 n - a wand of disintegration (23/24)
Scrolls
 d - 3 scrolls of identify
 f - a scroll of fear
 k - a scroll of immolation
 l - a scroll of teleportation
Potions
 h - a potion of curing
Books
 b - a book of Changes

   Spells                             Type                      Level
   a - Beastly Appendage              Transmutation                1
   b - Sticks to Snakes               Transmutation                2
   c - Spider Form                    Transmutation/Poison         3
   d - Ice Form                       Ice/Transmutation            4
   e - Blade Hands                    Transmutation                5
Comestibles
 c - 4 bread rations
 i - 4 meat rations
 m - a royal jelly
 o - 2 fruits


   Skills:
 - Level 1.0 Fighting
 - Level 2.0 Dodging
 * Level 6.9 Unarmed Combat
 - Level 2.5 Spellcasting
 + Level 4.6 Transmutations
 + Level 2.1 Ice Magic


You had one spell level left.
You knew the following spells:

 Your Spells              Type           Power        Failure   Level  Hunger
a - Beastly Appendage     Tmut           ###...       2%          1    #......
b - Sticks to Snakes      Tmut           ###.....     3%          2    ##.....
c - Spider Form           Tmut/Pois      ##........   21%         3    ###....
d - Ice Form              Ice/Tmut       ##......     38%         4    #####..


Dungeon Overview and Level Annotations

Branches:
Dungeon (5/15)
 Temple: D:4-7

Altars:
Sif Muna
Zin

Annotations:
D:5 Sigmund


Innate Abilities, Weirdness & Mutations

You cannot wear most types of armour.
You are very stealthy in the water. (Stealth+)
You are amphibious.
You can wear up to eight rings at the same time.
((You can use your tentacles to constrict eight enemies at once.))
((Your skin changes colour to match your surroundings (Stealth+).))
((Your rubbery body absorbs attacks. (AC +1, EV +1)))


Message History

Confirm with . or Enter, or press ? or * to list all spells.
Okay, then.
Casting: Spider Form
Confirm with . or Enter, or press ? or * to list all spells.
You miscast Ice Form.
You are very lightly contaminated with residual magic.
Nothing appears to happen.
Something hits you!!
* * * LOW HITPOINT WARNING * * *
The worker ant bites you.
* * * LOW HITPOINT WARNING * * *
Huge Dmg: -49%(-21hp) hp: 14%(6hp)
Casting: Ice Form
Confirm with . or Enter, or press ? or * to list all spells.
Okay, then.
Casting: Ice Form
Confirm with . or Enter, or press ? or * to list all spells.
You turn into a creature of crystalline ice.
You are feeling hungry.
You feel sick. The worker ant closely misses you. Something hits you!
You die...

# # # ## #.
##################### #.
.......$...aY.......# #.
........###########.# ###.
........# #.# #... .......>#
######.# ##... .......=#
#......## #..?< ......<..
#.###...####.... ........# #.
#...........
...........###.###.....#..###
..................>..


You could see a worker ant.

Vanquished Creatures
  Grinder (D:3)
  A big kobold (D:4)
  A hound (D:4)
  Crazy Yiuf (D:3)
  An orc priest (D:5)
  A centaur skeleton (D:4)
  2 iguanas
  A worker ant zombie (D:5)
  4 gnolls
  6 adders
  An ooze (D:1)
  3 worms
  A dart slug (D:2)
  A leopard gecko (D:5)
  4 orcs
  2 ball pythons
  7 bats
  5 giant cockroaches
  9 goblins
  9 hobgoblins
  2 jackals (D:2)
  9 frilled lizards
  9 kobolds
  A quokka skeleton (D:5)
  7 rats
89 creatures vanquished.

Vanquished Creatures (collateral kills)
  Blork the orc (D:5)
  A scorpion (D:4)
2 creatures vanquished.

Grand Total: 91 creatures vanquished

Notes
Turn   | Place    | Note
-------+----------+-------------------------------------------
     0 | D:1      | Monsterracer the Octopode Transmuter began the quest for the Orb.
     0 | D:1      | Reached XP level 1. HP: 13/13 MP: 3/3
   137 | D:1      | Reached XP level 2. HP: 10/18 MP: 3/5
   141 | D:1      | Learned a level 2 spell: Sticks to Snakes
   846 | D:1      | Reached XP level 3. HP: 23/23 MP: 6/6
  1435 | D:2      | Learned a level 3 spell: Spider Form
  1614 | D:2      | Found a glowing silver altar of Zin.
  1797 | D:2      | Reached XP level 4. HP: 23/28 MP: 3/7
  1830 | D:1      | Reached skill level 4 in Unarmed Combat
  2586 | D:3      | Found a faded altar of an unknown god.
  2640 | D:3      | Found a runed door.
  2675 | D:3      | Noticed Crazy Yiuf
  2683 | D:3      | Killed Crazy Yiuf
  2683 | D:3      | Reached XP level 5. HP: 3/33 MP: 2/8
  3258 | D:3      | Noticed Grinder
  3290 | D:3      | Paralysed by Grinder for 4 turns
  3304 | D:3      | Paralysed by Grinder for 5 turns
  3309 | D:3      | HP: 1/33 [Grinder (2)]
  3310 | D:3      | Killed Grinder
  3310 | D:3      | Reached skill level 5 in Unarmed Combat
  3310 | D:3      | Reached XP level 6. HP: 1/38 MP: 3/9
  3316 | D:3      | Learned a level 4 spell: Ice Form
  4309 | D:4      | Reached skill level 6 in Unarmed Combat
  4374 | D:4      | Reached skill level 1 in Ice Magic
  4437 | D:4      | Reached XP level 7. HP: 28/43 MP: 6/10
  5534 | D:5      | Entered Level 5 of the Dungeon
  5633 | D:5      | Noticed Blork the orc
  5813 | D:5      | Killed Blork the orc
  5917 | D:5      | Found a deep blue altar of Sif Muna.
  6101 | D:5      | Noticed Sigmund
  6120 | D:5      | Mangled by Sigmund

Vault maps used:
D:1:      dpeg_arrival_rooms_a, minmay_pentomino_x2
D:2:      overflow_temple_1_default, minmay_misc_feat_x,
          kennysheep_generic_room_8
D:3:      first_bread, chequers_ecumenical_altar_simple_redux, uniq_grinder,
          uniq_crazy_yiuf_cottage
D:4:      fountainhead
D:5:      overflow_temple_1_default, kennysheep_mini, uniq_blork_the_orc,
          uniq_sigmund

Skill      XL: |  1  2  3  4  5  6  7 |
---------------+----------------------+-----
Unarmed Combat | 4 5 6 |  6.9
Transmutations | 3 4 |  4.6
Ice Magic      | 1 2 |  2.1
Fighting       | |  1.0
Dodging        | |  2.0
Spellcasting   | |  2.5

Action                   |  1- 3 |  4- 6 |  7- 9 || total
-------------------------+-------+-------+-------++-------
Melee: Unarmed           |    91 |   102 |    59 ||   252
       Constrict         |    18 |    17 |     8 ||    43
       Kick              |     8 |     2 |       ||    10
       Tentacles         |     8 |    12 |     5 ||    25
 Cast: Beastly Appendage |     8 |     5 |     1 ||    14
       Spider Form       |     2 |     4 |     5 ||    11
       Sticks to Snakes  |       |     5 |     1 ||     6
       Ice Form          |       |       |     1 ||     1
Evoke: Wand              |       |     1 |       ||     1
  Use: Potion            |     2 |     3 |       ||     5
       Scroll            |       |     1 |     6 ||     7
 Stab: Sleeping          |     8 |     8 |     4 ||    20
  Eat: Chunk             |     3 |     9 |     6 ||    18
Armor: Skin              |     6 |     9 |       ||    15
Dodge: Dodged            |    42 |    52 |    44 ||   138
